 Dungeon Crawl Stone Soup version 0.17-a0-288-gaf424a4 (webtiles) character file.

201 xeno23 the Chiller (level 5, -11/35 HPs)
             Began as a Merfolk Ice Elementalist on Mar 30, 2015.
             Was an Initiate of Vehumet.
             Killed from afar by an orc wizard (12 damage)
             ... with a puff of flame
             ... on level 4 of the Dungeon.
             The game lasted 00:19:48 (3852 turns).

xeno23 the Chiller (Merfolk Ice Elementalist)       Turns: 3852, Time: 00:19:48

Health: -11/35     AC:  2    Str:  9    XL:     5   Next: 79%
Magic:  6/6        EV: 13    Int: 15    God:    Vehumet [......]
Gold:   219        SH:  0    Dex: 14    Spells: 2 memorised, 3 levels left

rFire  . . .     SeeInvis .     o - +2 dagger (venom)
rCold  . . .     Clarity  .     a - +0 robe
rNeg   . . .     SustAb   .     (no shield)
rPois  .         Gourm    .     (no helmet)
rElec  .         Spirit   .     (no cloak)
rCorr  .         Warding  .     (no gloves)
rMut   .         Stasis   .     (no boots)
MR     .....                    (no amulet)
Stlth  ++........               (no ring)
                                (no ring)

@: not resistant to hostile enchantments, unstealthy
A: change form in water, swift swim
a: Renounce Religion


You were on level 4 of the Dungeon.
You worshipped Vehumet.
Vehumet was noncommittal.
You were very hungry.

You visited 2 branches of the dungeon, and saw 5 of its levels.

You collected 219 gold pieces.

Inventory:

Hand weapons
 o - a +2 dagger of venom (weapon)
 r - a +0 spear
Missiles
 k - 4 tomahawks (quivered)
Armour
 a - a +0 robe (worn)
Scrolls
 f - a scroll of enchant weapon {unknown}
 i - a scroll of teleportation {unknown}
 n - 3 scrolls of identify {unknown}
 q - a scroll of fear {unknown}
 s - a scroll of immolation {unknown}
 u - a scroll of remove curse {unknown}
Potions
 d - 5 potions of might
 e - a potion of flight {unknown}
 g - a potion of curing {unknown}
 l - 3 potions of brilliance {unknown}
 m - a potion of cancellation {unknown}
 p - a potion of cure mutation {unknown}
Books
 b - a book of Frost

   Spells                             Type                      Level
   a - Freeze                         Ice                          1
   b - Throw Frost                    Conjuration/Ice              2
   c - Ozocubu's Armour               Charms/Ice                   3
   d - Throw Icicle                   Conjuration/Ice              4
   e - Summon Ice Beast               Ice/Summoning                4
   f - Condensation Shield            Ice                          4
 t - a book of Beasts

   Spells                             Type                      Level
   a - Summon Butterflies             Summoning                    1
   b - Call Canine Familiar           Summoning                    3
   c - Summon Ice Beast               Ice/Summoning                4
   d - Summon Mana Viper              Hexes/Summoning              5
   e - Monstrous Menagerie            Summoning                    6
   f - Summon Hydra                   Summoning                    7
Comestibles
 c - 2 bread rations
 h - a slice of pizza
 j - 4 meat rations


   Skills:
 - Level 2.6 Dodging
 - Level 2.1 Stealth
 - Level 2.0 Spellcasting
   Level 0.7 Conjurations
 + Level 3.1 Summonings
 - Level 5.7 Ice Magic


You had 3 spell levels left.
You knew the following spells:

 Your Spells              Type           Power        Failure   Level  Hunger
a - Freeze                Ice            ###.         1%          1    #......
c - Summon Ice Beast      Ice/Summ       ##......     41%         4    #####..


Dungeon Overview and Level Annotations

Branches:
Dungeon (4/15)             Temple (1/1) D:4

Altars:
Ashenzari
Dithmenos
Elyvilon
Fedhas
Gozag
Kikubaaqudgha
Makhleb
Okawaru
Qazlal
Sif Muna
Trog
Vehumet
The Shining One

Annotations:
D:4 herpmino's ghost, experienced FoFi


Message History

The crimson imp blinks!
You hear some strange, mumbled words.
A puff of flame appears from out of thin air!
The puff of flame hits you!
You take 5 damage.
The crimson imp blinks!
You hear some strange, mumbled words.
A puff of flame appears from out of thin air!
The puff of flame hits you!
* * * LOW HITPOINT WARNING * * *
You take 10 damage.
Drink which item? (? for menu, Esc to quit)
Okay, then.
Something hits you.
* * * LOW HITPOINT WARNING * * *
You take 1 damage.
You hear some strange, mumbled words.
A puff of flame appears from out of thin air!
The puff of flame hits you!
You die...

#....#'#......... # ##.
#....#.'......... ..
#....#.#........###+## #######.
+....+.#........+.... #.....#.
#....#'#........#...# #.<..W'.
##..............#...## #.....#†
.'.......o......#....# #.....#.
##............o.#....# ########W
.<..##'#........@...#####.# #..
....'..'.......5#...##....######.
....##.#........#..............#.
##'###.#........#........#.....'.
'......'........#........'.....#.
##.###'#........#........#.....#.
# .###.#........#...##)..#.....#.
..+..'......).#...##)..#.....#. #
##.#.....#'##...#(...#.....#.


You could see an orc warrior, a crimson imp and an orc.

Vanquished Creatures
  A scorpion (D:4)
  4 adders (D:3)
  A giant mite (D:4)
  3 worms
  An ooze (D:1)
  2 ball pythons
  7 bats
  A bat skeleton (D:4)
  8 giant cockroaches
  10 goblins
  13 hobgoblins
  11 jackals
  2 quokkas
  A giant gecko (D:3)
  4 giant newts (D:2)
  6 kobolds
  9 rats
84 creatures vanquished.

Vanquished Creatures (others)
  2 ice beasts (D:4)
2 creatures vanquished.

Grand Total: 86 creatures vanquished

Notes
Turn   | Place    | Note
--------------------------------------------------------------
     0 | D:1      | xeno23, the Merfolk Ice Elementalist, began the quest for the Orb.
     0 | D:1      | Reached XP level 1. HP: 13/13 MP: 2/2
   166 | D:1      | Reached XP level 2. HP: 10/19 MP: 0/3
   362 | D:1      | Reached skill level 4 in Ice Magic
   919 | D:1      | Reached XP level 3. HP: 21/24 MP: 0/4
  1784 | D:2      | Reached skill level 5 in Ice Magic
  1978 | D:2      | Reached XP level 4. HP: 26/30 MP: 5/5
  2343 | D:3      | Learned a level 4 spell: Summon Ice Beast
  2509 | D:3      | Found a deep blue altar of Sif Muna.
  2751 | D:3      | Reached skill level 1 in Summonings
  2779 | D:3      | Reached XP level 5. HP: 25/35 MP: 6/6
  2825 | D:4      | Noticed herpmino's ghost (experienced FoFi)
  3756 | D:4      | Found a staircase to the Ecumenical Temple.
  3760 | D:4      | Noticed an orc warrior
  3765 | Temple   | Entered the Ecumenical Temple
  3773 | Temple   | Became a worshipper of Vehumet
  3851 | D:4      | HP: 1/35 [something (1)]
  3852 | D:4      | Killed from afar by an orc wizard

Action                   |  1- 3 |  4- 6 || total
-------------------------+-------+-------++-------
Melee: Unarmed           |    28 |       ||    28
       Whip              |    65 |       ||    65
       Dagger            |    12 |    87 ||    99
 Cast: Freeze            |    42 |    16 ||    58
       Summon Ice Beast  |       |     2 ||     2
  Use: Potion            |       |     1 ||     1
 Stab: Sleeping          |     2 |     5 ||     7
  Eat: Chunk             |     4 |     6 ||    10
